 Dungeon Crawl Stone Soup version 0.26.0-45-g9c1d065592 (webtiles) character file.

Game seed: 16307817709563520530

78 kaeus the Sneak (level 4, -3/27 HPs)
             Began as an Octopode Enchanter on Jan 28, 2021.
             Blown up by Ijyb (15 damage)
             ... with a disintegration bolt
             ... on level 3 of the Dungeon.
             The game lasted 00:01:33 (2298 turns).

kaeus the Sneak (Octopode Enchanter)                Turns: 2298, Time: 00:01:34

Health: -3/27      AC:  1    Str:  7    XL:     4   Next: 36%
Magic:  7/7        EV: 14    Int: 17    God:
Gold:   78         SH:  0    Dex: 13    Spells: 4/7 levels left

rFire    . . .     SeeInvis .   a - +1 dagger
rCold    . . .     Faith    .   (no shield)
rNeg     . . .     Spirit   .   (helmet restricted)
rPois    .         Reflect  .   (no amulet)
rElec    .         Harm     .   (no ring)
rCorr    .         Rampage  .   (no ring)
Will     .....                  (no ring)
Stlth    ++++......             (no ring)
HPRegen  0.09/turn              (no ring)
MPRegen  0.10/turn              (no ring)
                                (no ring)
                                (no ring)

@: hasted, very quick
A: almost no armour, stealthy swim, amphibious, 8 rings, constrict 8, camouflage
1, gelatinous body 1
a: no special abilities


You were on level 3 of the Dungeon.
You visited 1 branch of the dungeon, and saw 3 of its levels.

You collected 78 gold pieces.

Inventory:

Hand Weapons
 a - a +1 dagger (weapon)
Scrolls
 b - 2 scrolls of remove curse {unknown}
 d - a scroll of enchant armour {unknown}
 e - 3 scrolls of identify {unknown}
 g - 2 scrolls of fog {unknown}
 i - a scroll of fear {unknown}


   Skills:
 + Level 1.7 Short Blades
 + Level 2.5 Dodging
 * Level 4.8 Stealth
 + Level 2.4 Spellcasting
 * Level 3.7 Hexes


You had 4 spell levels left.
You knew the following spells:

 Your Spells              Type           Power        Failure   Level
a - Corona                Hex            15%          4%          1
b - Ensorcelled Hibernat  Hex/Ice        16%          13%         2

Your spell library contained the following spells:

 Spells                   Type           Power        Failure   Level
 Confusing Touch          Hex            14%          12%         3
 Tukima's Dance           Hex            14%          12%         3
 Beastly Appendage        Tmut           4%           19%         1
 Dazzling Flash           Conj/Hex       16%          26%         3
 Wereblood                Tmut           2%           28%         2
 Spider Form              Tmut/Pois      1%           50%         3
 Ice Form                 Ice/Tmut       2%           88%         4
 Blade Hands              Tmut           1%           99%         5


Dungeon Overview and Level Annotations

Branches:
Dungeon (3/15)

Altars:
The Shining One

Annotations:
D:3 Ijyb


Innate Abilities, Weirdness & Mutations

You cannot wear most types of armour.
You are very stealthy in the water. (Stealth+)
You are amphibious.
You can wear up to eight rings at the same time.
You can use your tentacles to constrict eight enemies at once.
Your skin changes colour to match your surroundings (Stealth+).
Your rubbery body absorbs attacks. (AC +1, EV +1)


Message History

You constrict Ijyb, but do no damage.
Ijyb zaps a wand.
You barely resist. You hit Ijyb but do no damage.
Ijyb is moderately wounded.
You constrict Ijyb, but do no damage. You hit Ijyb.
Ijyb is moderately wounded.
You constrict Ijyb, but do no damage. Ijyb hits you with a +6 spectral club.
You take 2 damage, and have 15/27 hp.
You hit Ijyb.
Ijyb is moderately wounded.
You constrict Ijyb, but do no damage. You hit Ijyb but do no damage.
Your squeeze misses Ijyb.
Ijyb is moderately wounded.
You constrict Ijyb, but do no damage. Ijyb hits you with a +6 spectral club.
You take 3 damage, and have 12/27 hp.
You hit Ijyb but do no damage.
Ijyb is moderately wounded.
You constrict Ijyb, but do no damage.
Ijyb zaps a wand.
You are blasted!
Ouch! That really hurt!
You die...

#.# ##############.#
...............# ####
.#.###.###.#..# ...#
#.....#.#..# ...#
.###.#.#.###..# ...#
.........(.....#
...##...###.#.#g###.##
...l.... ...#.#.@.#.#
........#g# #.###.#.#
.........( ... ...
........> #.# ####
#......( ... .......
## ######## .# .#


You could see Ijyb and a +6 spectral club (summoned).

Vanquished Creatures
  2 adders (D:2)
  2 oozes
  A worm (D:2)
  A dart slug (D:2)
  2 giant cockroaches (D:1)
  6 goblins
  4 hobgoblins
  4 jackals (D:2)
  2 ball pythons
  8 bats
  4 frilled lizards
  5 kobolds
  6 rats
47 creatures vanquished.

Notes
Turn   | Place    | Note
-------+----------+-------------------------------------------
     0 | D:1      | kaeus the Octopode Enchanter began the quest for the Orb.
     0 | D:1      | Reached XP level 1. HP: 11/11 MP: 3/3
     4 | D:1      | Noticed an electric eel
     4 | D:1      | Noticed an electric eel
   244 | D:1      | Reached XP level 2. HP: 17/17 MP: 5/5
   446 | D:1      | Found a glowing golden altar of the Shining One.
   794 | D:1      | Learned a level 2 spell: Ensorcelled Hibernation
   847 | D:2      | Reached XP level 3. HP: 17/21 MP: 6/6
   900 | D:2      | Found a faded altar of an unknown god.
  1644 | D:2      | Reached XP level 4. HP: 25/27 MP: 7/7
  1955 | D:3      | Noticed Ijyb
  2298 | D:3      | Blown up by Ijyb

Illustrated notes

Levels and vault maps discovered:
D:1:      arrival_aquarium_b, layout_basic, st_stairs_14, tso_altar
D:2:      layout_loops_cross, chequers_ecumenical_altar_island
D:3:      layout_basic, minmay_misc_feat_roman, uniq_ijyb, uniq_grinder

Action                   |  1- 3 |  4- 6 || total
-------------------------+-------+-------++-------
Melee: Dagger            |    79 |    32 ||   111
       Constrict         |    17 |     5 ||    22
       Tentacles         |     8 |     3 ||    11
  Use: Potion            |       |     3 ||     3
 Stab: Sleeping          |    12 |     3 ||    15
       Distracted        |     1 |       ||     1
Armor: Skin              |     6 |     1 ||     7
Dodge: Dodged            |    46 |    11 ||    57
